 Dungeon Crawl Stone Soup version 0.21-a0-238-geb0acef (console) character file.

110856 removed the Destroyer (level 15, -3/126 HPs)
             Began as a Demigod Fire Elementalist on Sept 2, 2017.
             Shot with an arrow by a deep elf archer (9 damage)
             ... on level 1 of the Elven Halls.
             The game lasted 01:48:51 (37310 turns).

removed the Destroyer (Demigod Fire Elementalist)  Turns: 37310, Time: 01:48:53

Health: -3/126     AC: 14    Str: 11    XL:     15   Next: 60%
Magic:  14/45      EV: 19    Int: 33    God:
Gold:   2712       SH:  0    Dex: 16    Spells: 11/38 levels left

rFire    + + +     SeeInvis +   a - staff of fire
rCold    + . .     Gourm    .   (no shield)
rNeg     + . .     Faith    .   M - +2 robe {rC+ rF+}
rPois    .         Spirit   .   S - +0 hat {SInv}
rElec    .         Reflect  .   X - +2 cloak of the Catfish {rF++ MR++ Int+4}
rCorr    +         Harm     .   F - +0 pair of gloves
MR       +++++     Clarity  +   y - +1 pair of boots of Hangman {rCorr}
Stlth    ++........             A - amulet of the Four Winds {rN+ MR+++ Clar}
HPRegen  1.31/turn              h - +4 ring of protection
MPRegen  0.29/turn              R - ring of magical power

@: lethally poisoned (-3 -> -3), regenerating, hasted, very quick
A: high mp 1
a: no special abilities


You were on level 1 of the Elven Halls.
You were not hungry.

You visited 4 branches of the dungeon, and saw 24 of its levels.
You also visited: Labyrinth and Bailey.

You collected 4201 gold pieces.
You spent 1489 gold pieces at shops.

Inventory:

Hand Weapons
 b - a +2 trident of flaming
 g - a -1 blowgun
Missiles
 s - 2 curare-tipped needles
Armour
 j - a +0 pair of boots of flying
 y - the +1 pair of boots of Hangman (worn) {rCorr}
   (You acquired it on level 9 of the Dungeon)

   It protects you from acid and corrosion.
 F - a +0 pair of gloves (worn)
 M - a +2 robe of resistance (worn)
 S - a +0 hat of see invisible (worn)
 X - the +2 cloak of the Catfish (worn) {rF++ MR++ Int+4}
   (You bought it in a shop on level 2 of the Orcish Mines)

   It affects your intelligence (+4).
   It greatly protects you from fire.
   It affects your resistance to hostile enchantments.
Magical Staves
 a - an uncursed staff of fire (weapon)
 u - an uncursed staff of power
Jewellery
 h - a +4 ring of protection (left hand)
 n - an uncursed ring of protection from fire
 A - the amulet of the Four Winds (around neck) {rN+ MR+++ Clar}
   (You bought it in a shop on level 9 of the Dungeon)

   [amulet of nothing]

   It protects you from negative energy.
   It affects your resistance to hostile enchantments.
   It protects you against confusion.
 R - a ring of magical power (right hand)
 U - an uncursed ring of poison resistance
Wands
 w - a wand of acid (4/15)
 z - a wand of acid (4/15)
 D - a wand of digging (13/24)
 E - a wand of acid (8/15)
 Q - a wand of polymorph (1/24)
Scrolls
 l - 4 scrolls of fog
 p - 2 scrolls of blinking
 r - a scroll of torment {unknown}
 B - 5 scrolls of remove curse
 I - a scroll of enchant weapon
 L - 4 scrolls of teleportation
 P - 2 scrolls of recharging
 V - a scroll of brand weapon {unknown}
 Z - 5 scrolls of identify
Potions
 d - 2 potions of heal wounds
 f - 2 potions of resistance
 m - 2 potions of berserk rage
 o - 3 potions of haste
 C - 3 potions of flight
 G - 3 potions of brilliance
 H - 3 potions of might
 K - 5 potions of curing
 N - a potion of cancellation
 W - a potion of agility
 Y - 2 potions of mutation
Books
 J - a book of Annihilations

   Spells                             Type                      Level
   a - Poison Arrow                   Conjuration/Poison           6
   b - Chain Lightning                Conjuration/Air              8
   c - Lehudib's Crystal Spear        Conjuration/Earth            8
   d - Glaciate                       Conjuration/Ice              9
   e - Fire Storm                     Conjuration/Fire             9
Miscellaneous
 x - a phantom mirror
Comestibles
 c - 9 bread rations
 k - 3 chunks of flesh
 q - 47 fruits
 T - 9 meat rations


   Skills:
 - Level 10.0 Fighting
 - Level 10.0 Dodging
 - Level 1.7 Stealth
 - Level 12.0 Spellcasting
 + Level 14.1 Conjurations
 - Level 2.0 Translocations
 - Level 13.0 Fire Magic
 - Level 1.0 Poison Magic


You had 11 spell levels left.
You knew the following spells:

 Your Spells              Type           Power        Failure   Level  Hunger
a - Stone Arrow           Conj/Erth      ######       1%          3    None
b - Conjure Flame         Conj/Fire      ########     1%          3    None
c - Sticky Flame          Conj/Fire      ########     1%          4    None
d - Fireball              Conj/Fire      ########..   1%          5    #......
e - Regeneration          Chrm/Necr      ###.......   7%          3    None
g - Flame Tongue          Conj/Fire      #####        0%          1    None
l - Blink                 Tloc           N/A          1%          2    None
p - Poison Arrow          Conj/Pois      ######....   16%         6    ####...


Dungeon Overview and Level Annotations

Branches:
Dungeon (15/15)            Temple (0/1) D:6            Lair (6/6) D:11
  Swamp (0/4) Lair:2        Snake (0/4) Lair:4        Slime (0/5) Lair:5
    Orc (2/2) D:12            Elf (1/3) Orc:2        Vaults (0/5) D:14
 Depths (0/5) D:15

Shops:
D:4 *   D:6 }   D:9 ?=%[   D:14 *   D:15 [![   Orc:2 }!?[

Annotations:
D:1 exclusion: downstairs


Innate Abilities, Weirdness & Mutations

You have an increased reservoir of magic. (+10% MP)


Message History

A deep elf death mage comes into view. It is wielding a short sword.
Unknown command.
You feel sick.
The deep elf archer shouts!
The deep elf mage shouts!
The deep elf mage mumbles some strange words.
The deep elf mage blinks!
You open the door.
You found a teleport trap!
The deep elf archer shouts!
The deep elf mage mumbles some strange words.
The deep elf mage blinks!
The deep elf mage mumbles some strange words.
The deep elf mage blinks!
The deep elf archer unwields an uncursed dagger.
The deep elf archer wields an uncursed glowing shortbow.
The deep elf archer shoots an arrow.
The arrow hits you!
* * * LOW HITPOINT WARNING * * *
x2 The deep elf archer unwields an uncursed vampiric short sword.
The deep elf archer wields an uncursed shortbow.
The deep elf archer shoots an arrow.
The arrow hits you!
You die...

#.....######..##.§...##
###.....# #.. #.....#
....§...# #..⌠..# .....§.##
#..)).# #.....§# ##.)...##
##...#>#############'########
##.##.......e.§.#..)..#.....
#.###..###§.e.§#...()#.....
#.###.(# #§.E.@'^e.<.'..⌠..
.. ....§##).4(.#.ee).#..... #
###...#......#...e(#.....
#...#§########e########
#.........##.....##
#......#....#.....#
##.#.###....#..⌠..# #. #.
.#.#....$# #. .#. .# #


You could see a deep elf death mage (wandering), 3 deep elf archers, an earth
elemental, an ice devil and 3 deep elf magi.

Vanquished Creatures
  A stone giant (Orc:1)
  2 fire dragons
  2 ogre magi
  A minotaur (Lab)
  Fannar (D:11)
  A rakshasa (D:14)
  9 hydras
  3 centaur warriors
  11 two-headed ogres
  3 dancing weapons
  8 death yaks
  An orc high priest (Orc:2)
  A fire crab (Lair:6)
  A wizard (D:15)
  A deep troll (D:15)
  A deep elf archer (Elf:1)
  9 orc knights
  2 oklob plants (Lair:3)
  12 deep elf magi
  A wolf spider (D:15)
  3 manticores
  A moth of wrath (shapeshifter) (D:15)
  2 cyclopes
  17 ugly things
  9 elephants
  2 centaur zombies
  5 black mambas
  2 molten gargoyles (Lair:6)
  4 gargoyles
  9 spiny frogs
  12 komodo dragons
  2 kobold demonologists (D:14)
  2 yaktaurs
  A tengu conjurer (D:15)
  6 trolls
  3 meliai (D:15)
  37 blink frogs
  2 hornets
  15 slime creatures
  7 hippogriffs
  2 dream sheep (D:9)
  4 shadows
  2 fire elementals (Elf:1)
  7 wyverns
  2 wraiths
  42 yaks
  6 basilisks
  A hungry ghost (D:10)
  7 vampire mosquitoes (D:14)
  5 swamp worms (Lair:2)
  6 wargs
  3 nagas (Lair:4)
  A soldier ant (D:13)
  A naga (shapeshifter) (D:15)
  A floating eye (shapeshifter) (D:15)
  3 hell hounds (Lair:6)
  12 porcupines
  13 water moccasins
  An acid dragon (D:15)
  68 orc warriors
  A swamp drake (Bailey)
  2 ice beasts
  A black bear (D:6)
  5 sky beasts
  11 ogres
  7 phantoms
  A tengu (shapeshifter) (D:14)
  12 wolves
  4 centaurs
  18 crocodiles
  6 big kobolds
  23 bullfrogs
  6 scorpions
  2 wyvern skeletons
  A hornet simulacrum (D:15)
  13 killer bees
  An electric eel (Lair:2)
  16 wights
  A howler monkey (D:14)
  2 vampire bats (D:5)
  5 lava snakes (Lair:6)
  9 crimson imps
  4 jellies
  28 orc wizards
  7 hounds
  Crazy Yiuf (D:6)
  17 orc priests
  7 centaur skeletons
  2 gnoll shamans
  3 iguanas
  10 worker ants
  A killer bee zombie (D:6)
  2 hound zombies
  2 hound skeletons (D:9)
  6 worker ant zombies
  A howler monkey skeleton (D:7)
  13 adders
  7 gnolls
  12 shadow imps
  An ooze (D:2)
  An adder skeleton (D:7)
  An adder zombie (D:5)
  A worm (D:4)
  2 dart slugs
  5 leopard geckos
  122 orcs
  A ball python (D:3)
  4 giant cockroaches
  5 hobgoblins
  8 jackals
  38 kobolds
  3 quokkas
  11 bats
  3 frilled lizards
  14 goblins
  A jackal skeleton (D:5)
  A leopard gecko zombie (D:5)
  2 quokka skeletons
  8 rats
  2 fungi (Lair:4)
  7 plants
910 creatures vanquished.

Vanquished Creatures (others)
  3 dream sheep (D:9)
  A worker ant (D:9)
  14 fungi
  17 plants
35 creatures vanquished.

Grand Total: 945 creatures vanquished

Notes
Turn   | Place    | Note
-------+----------+-------------------------------------------
     0 | D:1      | removed the Demigod Fire Elementalist began the quest for the Orb.
     0 | D:1      | Reached XP level 1. HP: 14/14 MP: 5/5
    31 | D:1      | Reached skill level 1 in Conjurations
   787 | D:1      | Reached skill level 2 in Conjurations
   787 | D:1      | Reached XP level 2. HP: 20/20 MP: 4/7
  1404 | D:2      | Reached XP level 3. HP: 26/26 MP: 3/8
  1484 | D:2      | Reached skill level 3 in Conjurations
  1758 | D:2      | Learned a level 3 spell: Conjure Flame
  2062 | D:3      | Reached XP level 4. HP: 13/33 MP: 3/9
  2248 | D:3      | Noticed a phantom
  2314 | D:3      | Killed a phantom
  2314 | D:3      | Reached skill level 4 in Conjurations
  2314 | D:3      | Reached XP level 5. HP: 38/38 MP: 4/10
  2904 | D:3      | Found a burning altar of Makhleb.
  3249 | D:4      | Noticed a phantom
  3279 | D:4      | Killed a phantom
  3279 | D:4      | Reached XP level 6. HP: 43/45 MP: 0/11
  3563 | D:4      | Learned a level 2 spell: Blink
  3653 | D:4      | Found Lysk's Assorted Antiques.
  4240 | D:5      | Entered Level 5 of the Dungeon
  4424 | D:5      | Reached skill level 5 in Conjurations
  4637 | D:5      | Reached skill level 5 in Fire Magic
  4650 | D:5      | Found the +4 Vampire's Tooth {vamp}
  4736 | D:5      | Reached XP level 7. HP: 50/50 MP: 12/12
  4956 | D:5      | Found a shadowy altar of Dithmenos.
  5252 | D:5      | Reached skill level 6 in Conjurations
  5412 | D:5      | Found a sacrificial altar of Ru.
  5830 | D:6      | Found Waenut's Quality Used Wands.
  6005 | D:6      | Reached XP level 8. HP: 23/57 MP: 6/13
  6307 | D:6      | Got an encrusted trident
  6308 | D:6      | Identified the cursed +0 trident of Rownay {drain, +Fly rElec rC- rN++} (You found it on level 6 of the Dungeon)
  6315 | D:6      | Learned a level 4 spell: Sticky Flame
  6341 | D:6      | Found a staircase to the Ecumenical Temple.
  6574 | D:6      | Reached skill level 7 in Conjurations
  6722 | D:6      | Found a shattered altar of Ashenzari.
  7079 | D:6      | Found a runed door.
  7083 | D:6      | Noticed Crazy Yiuf
  7088 | D:6      | Killed Crazy Yiuf
  7192 | D:7      | Found a bloodstained altar of Trog.
  7635 | D:7      | Found an ornate altar of the Wu Jian Council.
  8179 | D:7      | Found a deep blue altar of Sif Muna.
  8221 | D:7      | Found an ancient bone altar of Kikubaaqudgha.
  8258 | D:7      | Found a radiant altar of Vehumet.
  8571 | D:8      | Learned a level 5 spell: Fireball
  8599 | D:8      | Reached skill level 5 in Spellcasting
  8687 | D:8      | Reached skill level 1 in Fighting
  8866 | D:8      | Found an opulent altar of Gozag.
  9228 | D:8      | Noticed a two-headed ogre
  9250 | D:8      | Reached XP level 9. HP: 68/68 MP: 15/20
  9260 | D:8      | Killed a two-headed ogre
  9260 | D:8      | Reached skill level 5 in Fighting
  9488 | D:8      | Found a faded altar of an unknown god.
  9488 | D:8      | Found a faded altar of an unknown god.
  9493 | D:8      | Found a glowing silver altar of Zin.
  9496 | D:8      | Found a shimmering altar of Xom.
  9497 | D:8      | Found a glowing golden altar of the Shining One.
 10017 | D:9      | Reached skill level 5 in Dodging
 10266 | D:9      | Found a snail-covered altar of Cheibriados.
 10328 | D:9      | Noticed a centaur warrior
 10379 | D:9      | Found Sutusyli's Jewellery Emporium.
 10607 | D:9      | Found Sonwegu's Magic Scroll Emporium.
 10646 | D:9      | Killed a centaur warrior
 10646 | D:9      | Reached XP level 10. HP: 80/81 MP: 9/21
 10789 | D:9      | Found a shimmering altar of Xom.
 10790 | D:9      | Reached skill level 8 in Conjurations
 10868 | D:9      | Found Caet's Armour Emporium.
 10881 | D:9      | Found Nigrof's Food Shop.
 10899 | D:9      | Found a white marble altar of Elyvilon.
 11052 | D:10     | Entered Level 10 of the Dungeon
 11801 | D:10     | Noticed a two-headed ogre
 11808 | D:10     | Killed a two-headed ogre
 11808 | D:10     | Reached skill level 9 in Conjurations
 12670 | D:11     | Noticed a manticore
 12673 | D:11     | Killed a manticore
 12791 | D:11     | Reached skill level 1 in Translocations
 12940 | D:11     | Noticed a two-headed ogre
 12950 | D:11     | Killed a two-headed ogre
 12950 | D:11     | Reached XP level 11. HP: 88/88 MP: 19/24
 13057 | D:11     | Noticed Fannar
 13091 | D:11     | Killed Fannar
 13666 | D:11     | Reached skill level 10 in Conjurations
 13666 | D:11     | Reached skill level 10 in Fire Magic
 13769 | D:11     | Found a staircase to the Lair.
 13801 | D:11     | Noticed an orc knight
 14283 | D:11     | Killed an orc knight
 14447 | Lair:1   | Entered Level 1 of the Lair of Beasts
 15526 | Lair:1   | Noticed a six-headed hydra
 15537 | Lair:1   | Killed a six-headed hydra
 16628 | Lair:2   | Reached XP level 12. HP: 49/94 MP: 28/28
 16831 | Lair:2   | Found a staircase to the Swamp.
 17490 | Lair:3   | Reached skill level 11 in Conjurations
 19643 | Lair:4   | Found a staircase to the Snake Pit.
 20070 | Lair:4   | Identified 2 scrolls of acquirement
 20264 | D:9      | Bought the amulet of the Four Winds {rN+ MR+++ Clar} for 526 gold pieces
 20264 | D:9      | Found the amulet of the Four Winds {rN+ MR+++ Clar}
 20266 | D:9      | Got a pair of encrusted boots
 20277 | D:9      | Identified the +1 pair of boots of Hangman {rCorr} (You acquired it on level 9 of the Dungeon)
 20552 | Lair:5   | Found a viscous altar of Jiyva.
 20553 | Lair:5   | Found a staircase to the Slime Pits.
 20895 | Lair:5   | Found a labyrinth entrance.
 20913 | Lab      | Entered a labyrinth
 21289 | Lab      | Noticed a minotaur
 21326 | Lab      | Killed a minotaur
 21472 | Lab      | Identified the Volume of the Freezing Traveller
 21472 | Lab      | Identified Kyrija Soysh's Almanac of Ghastly Enchantment
 21487 | Lab      | Learned a level 3 spell: Stone Arrow
 21505 | Lab      | Got a transparent cloak
 21517 | Lab      | Identified the +2 cloak of Tender Moments {SInv} (You found it in a labyrinth)
 22216 | Lair:5   | Noticed a four-headed hydra
 22218 | Lair:5   | Killed a four-headed hydra
 22218 | Lair:5   | Reached XP level 13. HP: 102/102 MP: 28/30
 22263 | Lair:6   | Entered Level 6 of the Lair of Beasts
 22472 | Lair:6   | Reached skill level 12 in Conjurations
 22859 | Lair:6   | Reached skill level 10 in Spellcasting
 24055 | Lair:6   | Found a large runed door.
 25254 | Lair:6   | Found a large runed door.
 25587 | Lair:6   | Reached XP level 14. HP: 100/113 MP: 32/32
 25598 | Lair:6   | Reached skill level 13 in Conjurations
 26240 | D:12     | Found a staircase to the Orcish Mines.
 27112 | Orc:1    | Entered Level 1 of the Orcish Mines
 27144 | Orc:1    | Found a flagged portal.
 27213 | Bailey   | Entered a bailey
 27882 | Orc:2    | Entered Level 2 of the Orcish Mines
 27897 | Orc:2    | Found a staircase to the Elven Halls.
 29304 | Orc:2    | Found a roughly hewn altar of Beogh.
 30366 | Orc:2    | Found Errouth's Distillery.
 30366 | Orc:2    | Found Plog's Gadget Emporium.
 30430 | Orc:2    | Found a roughly hewn altar of Beogh.
 30616 | Orc:2    | Found Guilait's Antique Armour Shop.
 30616 | Orc:2    | Found Vemnorio's Magic Scroll Emporium.
 30724 | Orc:2    | Bought a polished cloak for 361 gold pieces
 30734 | Orc:2    | Identified the +2 cloak of the Catfish {rF++ MR++ Int+4} (You bought it in a shop on level 2 of the Orcish Mines)
 30958 | D:4      | Bought a yellow potion for 19 gold pieces
 30958 | D:4      | Bought a diamond ring for 110 gold pieces
 30958 | D:4      | Bought a scroll of teleportation for 66 gold pieces
 31214 | Orc:2    | Bought a potion of agility for 44 gold pieces
 32829 | D:14     | Found a burning altar of Makhleb.
 33164 | D:14     | Found a gate to the Vaults.
 33170 | D:14     | Found Bizoplup's General Store.
 33183 | D:14     | Bought a scroll of teleportation for 33 gold pieces
 33628 | D:14     | Found a glowing golden altar of the Shining One.
 33812 | D:14     | Paralysed by a hornet for 2 turns
 34011 | D:14     | Learned a level 6 spell: Poison Arrow
 34053 | D:14     | Reached XP level 15. HP: 120/124 MP: 31/36
 34318 | D:14     | Reached skill level 1 in Poison Magic
 34766 | D:14     | Reached skill level 14 in Conjurations
 34903 | D:15     | Entered Level 15 of the Dungeon
 34910 | D:15     | Found Piel's Antique Armour Emporium.
 35251 | D:15     | Found Tuoschaff's Distillery.
 35268 | D:15     | Found a staircase to the Depths.
 36711 | D:15     | Found Xuacabov's Armour Emporium.
 36781 | D:15     | Reached skill level 10 in Dodging
 36932 | D:15     | Bought a pair of embroidered boots for 330 gold pieces
 36982 | D:15     | Learned a level 3 spell: Regeneration
 37127 | Elf:1    | Entered Level 1 of the Elven Halls
 37210 | Elf:1    | Reached skill level 10 in Fighting
 37310 | Elf:1    | HP: 6/126 [deep elf archer/arrow (5)]
 37310 | Elf:1    | Shot with an arrow by a deep elf archer

Vault maps used:
D:1:      dpeg_arrival_pits
D:3:      lemuel_doored_altar
D:4:      minmay_door_path, serial_shops, nicolae_shop_trees
D:5:      kennysheep_kobold_camp, grunt_dithmenos_shadows, marbit_many_paths,
          first_bread, minmay_guarded_unrand_vampires_tooth
D:6:      ashenzari_altar_1, minmay_temple_entry_trees,
          nicolae_for_you_no_charge, uniq_crazy_yiuf_cottage
D:7:      palyth_temple_overflow_mages, lemuel_round_altar, bloody_trog
D:8:      chequers_temple_overflow_minitemple, nicolae_gozag_seed_capital,
          blue_anna_alchemist
D:9:      lemuel_crystal_altar, kennysheep_mini, serial_shops, shop, shop,
          kennysheep_little_box, shop, kb_xom_exploding_sheep
D:11:     grunt_lair_entry_orc_guard_hut, uniq_fannar
D:12:     david_orc_3, minivault_26
D:14:     nooodl_glass_maze, erik_vaults_1, basic_altar, serial_park_tiny_1,
          serial_shops, shop_fountains, nicolae_tso_swordbearing_angel
D:15:     hangedman_depths_entry_civil_slaughter, serial_shops, shop,
          nicolae_shop_crystal, shop
Lair:1:   st_stairs_7
Lair:2:   nicolae_swamp_entry_splash_gauntlet
Lair:3:   grunt_forest_small_clearing_treed, infiniplex_staircase_pool_2,
          minmay_lair_oklob_chamber, lemuel_fruit_fields, lemuel_fruit_tree
Lair:4:   minmay_snake_entry_guardpost_large
Lair:5:   slime_altar_1, serial_forest, infiniplex_forest_lined_3_way,
          infiniplex_forest_lined_3, infiniplex_forest_corner_1,
          infiniplex_forest_clump_small, infiniplex_forest_clump_double,
          infiniplex_forest_clump_diagonal, infiniplex_forest_lined_room_2,
          infiniplex_forest_corner_2, infiniplex_forest_split,
          lab_entry_generic, st_stairs_7, grunt_forest_small_clearings
Lair:6:   cheibrodos_lair_end_hotspot, minivault_19
Orc:1:    enter_bailey_5
Orc:2:    st_orc_town, basic_altar
Elf:1:    minmay_elf_arrival_plus, special_room, mu_enter_wizlab_5,
          minmay_elf_sorcery
Lab:      labyrinth_mini_lab, labyrinth_lava_lair, lab_block,
          nicolae_lab_dead_end, nicolae_lab_quarters,
          labyrinth_skeletal_remains, nicolae_lab_swirl
Bailey:   bailey_polearm_4, bailey

Skill      XL: |  1  2  3  4  5  6  7  8  9 10 11 12 13 14 15 |
---------------+----------------------------------------------+-----
Conjurations   | 2 3 4 5 6 7 9 10 11 12 13 14 | 14.1
Fire Magic     | 3 4 5 6 7 9 10 11 12 13 | 13.0
Spellcasting   | 5 6 8 9 10 12 | 12.0
Fighting       | 2 5 6 7 9 10 | 10.0
Dodging        | 5 6 7 10 | 10.0
Translocations | 2 |  2.0
Poison Magic   | 1 |  1.0
Stealth        | |  1.7

Action                   |  1- 3 |  4- 6 |  7- 9 | 10-12 | 13-15 || total
-------------------------+-------+-------+-------+-------+-------++-------
Melee: Trident           |       |    14 |   163 |     8 |       ||   185
       Staff             |       |       |     3 |     2 |    30 ||    35
 Fire: Blowgun           |       |       |     1 |     2 |       ||     3
 Cast: Flame Tongue      |    87 |   115 |   317 |   379 |   305 ||  1203
       Conjure Flame     |     1 |     5 |    17 |     4 |     1 ||    28
       Sticky Flame      |       |       |    16 |    95 |   112 ||   223
       Fireball          |       |       |    11 |   105 |   293 ||   409
       Blink             |       |       |       |     4 |    13 ||    17
       Stone Arrow       |       |       |       |       |   223 ||   223
       Regeneration      |       |       |       |       |     3 ||     3
Evoke: Wand              |       |       |     1 |       |    13 ||    14
  Use: Scroll            |       |     9 |    11 |    15 |     8 ||    43
       Potion            |       |       |     2 |       |     7 ||     9
  Eat: Chunk             |     5 |    10 |    16 |    51 |    55 ||   137
       Royal jelly       |       |       |     2 |     1 |     1 ||     4
       Bread ration      |       |       |     1 |     1 |     1 ||     3
       Fruit             |       |       |       |     6 |     2 ||     8
       Meat ration       |       |       |       |       |     1 ||     1
Armor: Robe              |     3 |       |    40 |    35 |   123 ||   201
       Leather armour    |       |    13 |    16 |       |       ||    29
       Skin              |       |       |       |       |    12 ||    12
Dodge: Dodged            |    14 |    34 |   209 |   197 |   334 ||   788

Table legend:
 A = Spawn XP
 B = Non-spawn XP
 C = Spawn XP percentage of total XP
 D = Spawn monster count
 E = Non-spawn monster count
 F = Spawn count percentage of total count
 G = Total turns spent on level
                    A         B        C        D         E        F      G
               +---------+---------+-------+---------+---------+-------+---------
         Total |   24256 |  134111 |  15.3 |      98 |     804 |  10.9 | 37310
               +---------+---------+-------+---------+---------+-------+---------
           D:1 |       1 |      14 |   6.7 |       1 |      10 |   9.1 |   825
           D:2 |       2 |      85 |   2.3 |       2 |      25 |   7.4 |  1161
           D:3 |      33 |     217 |  13.2 |       1 |      20 |   4.8 |  1107
           D:4 |       0 |     220 |   0.0 |       0 |      11 |   0.0 |  1261
           D:5 |      72 |     665 |   9.8 |       3 |      46 |   6.1 |  1415
           D:6 |      42 |     783 |   5.1 |       1 |      26 |   3.7 |  1508
           D:7 |      81 |     641 |  11.2 |       3 |      26 |  10.3 |  1475
           D:8 |    1420 |     454 |  75.8 |       6 |      11 |  35.3 |  1601
           D:9 |     947 |    1696 |  35.8 |       2 |      33 |   5.7 |  1024
          D:10 |      30 |    3127 |   1.0 |       2 |      35 |   5.4 |  1825
          D:11 |       0 |    8521 |   0.0 |       0 |      60 |   0.0 |  1810
          D:12 |     301 |    4897 |   5.8 |       1 |      35 |   2.8 |  1517
          D:13 |      36 |    6988 |   0.5 |       1 |      26 |   3.7 |  1301
          D:14 |    4245 |   16506 |  20.5 |      14 |      60 |  18.9 |  2805
          D:15 |    3746 |   18190 |  17.1 |       8 |      42 |  16.0 |  1679
        Lair:1 |    2441 |    1884 |  56.4 |       8 |      12 |  40.0 |  1307
        Lair:2 |    1527 |    2685 |  36.3 |       7 |      13 |  35.0 |  1999
        Lair:3 |    2297 |    4512 |  33.7 |      10 |      19 |  34.5 |  1499
        Lair:4 |       0 |    5354 |   0.0 |       0 |      24 |   0.0 |  1125
        Lair:5 |    1590 |    4564 |  25.8 |       4 |      23 |  14.8 |  1944
        Lair:6 |    4576 |   26003 |  15.0 |      15 |      79 |  16.0 |  2674
         Orc:1 |       0 |    4615 |   0.0 |       0 |      44 |   0.0 |  1449
         Orc:2 |     869 |   10837 |   7.4 |       9 |      91 |   9.0 |  1951
         Elf:1 |       0 |    7407 |   0.0 |       0 |      14 |   0.0 |   183
           Lab |       0 |    1487 |   0.0 |       0 |       3 |   0.0 |   629
        Bailey |       0 |    1759 |   0.0 |       0 |      16 |   0.0 |   236
               +---------+---------+-------+---------+---------+-------+---------
